 Dungeon Crawl Stone Soup version 0.29-a0-286-g41199d4a87 (webtiles) character file.

Game seed: 1330126983004521744

98 Dabor the Covered (level 4, 0/29 HPs)
             Began as a Gargoyle Fighter on Mar 16, 2022.
             Killed by divine providence
             ... invoked by an orc priest
              (11 damage)
             ... on level 3 of the Dungeon.
             The game lasted 00:01:52 (1506 turns).

Dabor the Covered (Gargoyle Fighter)                Turns: 1506, Time: 00:01:52

Health: 0/29       AC: 14    Str: 21    XL:     4   Next: 71%
Magic:  4/4        EV:  9    Int:  9    God:
Gold:   125        SH:  4    Dex:  9    Spells: 3/3 levels left

rFire   . . .      SeeInvis .   a - +0 flail
rCold   . . .      Faith    .   c - +0 buckler
rNeg    + . .      Spirit   .   b - +1 scale mail
rPois   ∞          Reflect  .   m - +2 helmet
rElec   +          Harm     .   (no cloak)
rCorr   .          Rampage  .   (no gloves)
Will    .....                   (no boots)
Stlth   ..........              i - amulet of regeneration
HPRegen 0.89/turn               (no ring)
MPRegen 0.09/turn               (no ring)

@: no status effects
A: sickness immunity, AC +3, negative energy resistance 1, electricity
resistance, torment resistance 1, petrification resistance
a: no special abilities


You were on level 3 of the Dungeon.
You visited 1 branch of the dungeon, and saw 3 of its levels.

You collected 125 gold pieces.

Inventory:

Hand Weapons
 a - a +0 flail (weapon)
Armour
 b - a +1 scale mail (worn)
 c - a +0 buckler (worn)
 m - a +2 helmet (worn)
Jewellery
 i - an amulet of regeneration (around neck)
Scrolls
 f - a scroll of immolation
 h - a scroll of enchant armour
 k - 2 scrolls of amnesia {unknown}
 n - 3 scrolls of teleportation {unknown}
Potions
 d - a potion of might
 e - a potion of attraction {unknown}
 g - a potion of curing {unknown}
 j - 3 potions of berserk rage {unknown}
 l - 2 potions of heal wounds {unknown}
 o - a potion of haste {unknown}


   Skills:
 + Level 4.0 Fighting
 + Level 2.9 Maces & Flails
 + Level 4.1 Armour
 + Level 1.2 Dodging
 - Level 3.4 Shields


You had 3 spell levels left.
You didn't know any spells.
Your spell library contained the following spells:

 Spells                   Type           Power      Damage    Failure   Level
 Animate Skeleton         Necr           0%         N/A       80%         1
 Apportation              Tloc           0%         N/A       80%         1
 Summon Small Mammal      Summ           0%         N/A       80%         1


Dungeon Overview and Level Annotations

Branches:
Dungeon (3/15)

Altars:


Innate Abilities, Weirdness & Mutations

You are immune to sickness and miasma.
Your stone body is resilient. (AC +3)
You are immune to poison.
You resist negative energy. (rN+)
You are resistant to electric shocks. (rElec)
You are resistant to unholy torment.
You are immune to petrification.


Message History

Beogh smites you!
You hit the orc priest but do no damage.
The orc priest is moderately wounded.
You block the orc priest's attack.
The orc priest hits you but does no damage.
You hit the orc priest but do no damage.
The orc priest is moderately wounded.
The orc priest hits you but does no damage.
You closely miss the orc priest.
The orc priest is moderately wounded.
The orc priest hits you with a +0 whip.
You barely miss the orc priest.
The orc priest is moderately wounded.
The orc priest casts a cantrip, but nothing happens.
You block the orc priest's attack.
You sock the orc priest!
The orc priest is severely wounded.
The orc priest hits you with a +0 whip.
You hit the orc priest but do no damage.
The orc priest is severely wounded.
The orc priest hits you but does no damage.
You hit the orc priest.
The orc priest is severely wounded.
The orc priest hits you but does no damage. x2
You closely miss the orc priest.
The orc priest is severely wounded.
The orc priest hits you but does no damage.
You barely miss the orc priest.
The orc priest is severely wounded.
The orc priest barely misses you.
You hit the orc priest.
The orc priest is almost dead.
The orc priest barely misses you.
You closely miss the orc priest.
The orc priest is almost dead.
The orc priest calls down the wrath of Beogh upon you.
Beogh smites you!
The orc priest calls down the wrath of Beogh upon you.
Beogh smites you!
You die...

#...#
#...######
#........#
#..#####.# #
#......#.##.#
##..........#
#.##....##.
#.#)[..<.#.#
#<..@o.........
#.#......######
#####...##
###.# #.# #.#
##.


You could see an orc priest.

Vanquished Creatures
  An orc wizard (D:3)
  Robin (D:2)
  A dart slug (D:2)
  2 orcs
  4 endoplasms
  2 giant cockroaches
  12 goblins
  9 hobgoblins
  4 quokkas (D:1)
  3 ball pythons
  3 bats
  5 kobolds
  6 rats
53 creatures vanquished.

Notes
Turn   | Place    | Note
-------+----------+-------------------------------------------
     0 | D:1      | Dabor the Gargoyle Fighter began the quest for the Orb.
     0 | D:1      | Reached XP level 1. HP: 14/14 MP: 1/1
   187 | D:1      | Reached XP level 2. HP: 19/19 MP: 2/2
   735 | D:1      | You fall into a shaft and drop 1 floor!
   761 | D:2      | Reached XP level 3. HP: 16/23 MP: 3/3
   857 | D:2      | Noticed Robin
   868 | D:2      | Killed Robin
  1039 | D:2      | Reached XP level 4. HP: 29/29 MP: 4/4
  1108 | D:2      | Reached skill level 1 in Dodging
  1506 | D:3      | Killed from afar by an orc priest

Illustrated notes

Levels and vault maps discovered:
D:1:      scummos_arrival_simple_crosswalls, layout_loops_ring,
          chequers_serial_rivers_micro_a
D:2:      layout_basic, uniq_robin
D:3:      layout_loops_ring, gammafunk_temple_overflow_pools

Skill      XL: |  1  2  3  4 |
---------------+-------------+-----
Dodging        | 1 |  1.2
Fighting       | 4 |  4.0
Armour         | 4 |  4.1
Maces & Flails | |  2.9
Shields        | |  3.4

Action                   |  1- 3 |  4- 6 || total
-------------------------+-------+-------++-------
Melee: Flail             |   134 |    51 ||   185
  Use: Scroll            |     5 |       ||     5
Armor: Scale mail        |    93 |    37 ||   130
Dodge: Dodged            |    84 |    27 ||   111
Block: Buckler           |    47 |    10 ||    57

Table legend: (Time is in decaauts)
 A = Elapsed time spent in this place.
 B = Non-inter-level travel time spent in this place.
 C = Inter-level travel time spent in this place.
 D = Time resting spent in this place.
 E = Time spent auto-exploring this place.
 F = Levels seen in this place.
 G = Mean time per level.
                   A        B        C        D        E       F      G
               +--------+--------+--------+--------+--------+-----+--------+
         Total |   1567 |   1549 |     18 |      6 |   1104 |   3 |  522.3 |
       Dungeon |   1567 |   1549 |     18 |      6 |   1104 |   3 |  522.3 |
               +--------+--------+--------+--------+--------+-----+--------+

Top non-repeatable levels by time:
     D:1: 799 daAuts
     D:2: 706 daAuts
     D:3: 61 daAuts
